 Dungeon Crawl Stone Soup version 0.18.1-8-gdd0e5ea (webtiles) character file.

3210 M4edhros the Blocker (level 10, -3/65 HPs)
             Began as a Formicid Fighter on June 5, 2016.
             Was a Believer of Qazlal.
             Slain by a wasp (8 damage)
             ... on level 8 of the Dungeon.
             The game lasted 00:14:06 (6486 turns).

M4edhros the Blocker (Formicid Fighter)             Turns: 6486, Time: 00:14:06

Health: -3/65      AC:  3    Str: 21    XL:     10   Next: 17%
Magic:  14/14      EV: 18    Int:  6    God:    Qazlal [**....]
Gold:   333        SH: 16    Dex: 20    Spells: 0 memorised, 9 levels left

rFire  . . .     SeeInvis +     G - +3 spear
rCold  + . .     Gourm    .     q - +2 ring mail {MR+}
rNeg   . . .     Faith    .     c - +0 shield
rPois  .         Spirit   .     (helmet unavailable)
rElec  +         Dismiss  .     (no cloak)
rCorr  .         Reflect  .     (no gloves)
SustAt .         Harm     .     (no boots)
MR     +++..                    (no amulet)
Stlth  ++........               B - ring of protection from magic
                                k - ring of protection from cold

@: agile, lethally poisoned (-3 -> -9), corroded, extremely resistant to hostile
enchantments, unstealthy
A: permanent stasis, dig shafts and tunnels, four strong arms, antennae 3, agile
1, dopey 1, frail 1, electricity resistance
a: Dig, Shaft Self, Upheaval, Renounce Religion


You were on level 8 of the Dungeon.
You worshipped Qazlal.
Qazlal was pleased with you.
You were hungry.

You visited 2 branches of the dungeon, and saw 9 of its levels.
You also visited: Sewer.

You collected 333 gold pieces.

Inventory:

Hand Weapons
 a - a +0 trident
 o - a +1 mace of protection
 G - a +3 spear (weapon)
 J - a +0 scythe
Missiles
 w - 5 tomahawks of returning (quivered)
Armour
 c - a +0 shield (worn)
 q - a +2 ring mail of magic resistance (worn)
 t - a +0 plate armour
Jewellery
 k - a ring of protection from cold (left hand)
 u - an uncursed ring of resist corrosion
 B - a ring of protection from magic (right hand)
Scrolls
 g - 2 scrolls of remove curse
 i - 3 scrolls of fog
 l - 4 scrolls of amnesia
 n - 4 scrolls of enchant armour
 p - 4 scrolls of magic mapping {unknown}
 s - 3 scrolls of recharging {unknown}
 x - 4 scrolls of enchant weapon {unknown}
 y - 2 scrolls of blinking {unknown}
 z - 2 scrolls of fear {unknown}
 K - a scroll of noise {unknown}
Potions
 d - 2 potions of might
 e - a potion of haste
 m - a potion of agility
 r - 4 potions of degeneration
 H - a potion of curing {unknown}
 I - 3 potions of brilliance
Comestibles
 f - 7 bread rations
 h - a meat ration
 A - 6 fruits


   Skills:
 + Level 4.9 Fighting
 * Level 9.4 Polearms
 - Level 3.2 Armour
 + Level 2.9 Dodging
 - Level 9.4 Shields
 * Level 5.7 Invocations


You had 9 spell levels left.
You didn't know any spells.

Dungeon Overview and Level Annotations

Branches:
Dungeon (8/15)             Temple (1/1) D:4
   Lair: D:8-11

Altars:
Ashenzari
Cheibriados
Dithmenos
Elyvilon
Fedhas
Gozag
Kikubaaqudgha
Makhleb
Nemelex Xobeh
Okawaru
Pakellas
Qazlal
Ru
Sif Muna
Trog
Vehumet
Xom
Yredelemnul
Zin
The Shining One

Annotations:
D:3 2 exclusions


Innate Abilities, Weirdness & Mutations

You are under a permanent stasis effect.
You can dig through walls and to a lower floor.
Your four strong arms can wield two-handed weapons with a shield.
You have a pair of large antennae on your head (SInv).
You are agile. (Dex +2)
You are dopey. (Int -2)
You are frail (-10% HP).
You are resistant to electric shocks.


Message History

Okay, then.
Drink which item? (? for menu, Esc to quit)
You feel agile all of a sudden. The wasp barely misses you.
You hear a distant blaring wail to the west.
The wasp stings you!
* * * LOW HITPOINT WARNING * * *
You are lethally poisoned!
Drink which item? (? for menu, Esc to quit)
It was a potion of haste.
Your stasis keeps you stable.
* * * LOW HITPOINT WARNING * * *
You feel sick. You block the wasp's attack.
The crimson imp laughs crazily.
Drink which item? (? for menu, Esc to quit)
It was a potion of beneficial mutation.
You feel insulated.
You feel fantastic!
* * * LOW HITPOINT WARNING * * *
You feel sick. You block the wasp's attack. The wasp stings you!
You die...

#.# #.#
#.##.###.######
....o.........#
#.##.###.####.#
#.....<#
###.#..# #)#..#
#@#..# #y#...
.5#.## #..#.
...#. ###.# ..#
###


You could see a wasp and a crimson imp.

Vanquished Creatures
  The ghost of deorigin the Transmogrifier, a novice DrTm of Makhleb (D:7)
  The ghost of deorigin the Basher, a novice OgHu of Okawaru (D:5)
  A spriggan (D:7)
  Sigmund (D:6)
  A water moccasin (D:7)
  2 sky beasts (D:7)
  2 orc warriors
  The ghost of Rationalist the Skirmisher, an amateur MiBe of Trog (D:3)
  A phantom (D:6)
  A necrophage (D:7)
  An ogre (D:8)
  2 centaurs
  A big kobold (D:7)
  2 giant frogs
  A scorpion (D:6)
  A water moccasin skeleton (D:8)
  A crimson imp (D:6)
  A wasp zombie (D:7)
  2 hounds (D:8)
  A gnoll shaman (D:6)
  An orc priest (D:4)
  2 jellies
  A giant frog skeleton (D:7)
  4 worker ants
  An iguana (D:5)
  4 orc wizards (D:4)
  A hound zombie (D:6)
  A worker ant zombie (D:6)
  6 gnolls
  6 river rats (Sewer)
  3 adders
  4 shadow imps
  2 oozes (D:2)
  An adder zombie (D:8)
  5 worms
  3 dart slugs
  7 giant geckos
  19 orcs
  6 ball pythons
  7 bats
  9 giant cockroaches
  6 goblins
  8 hobgoblins
  27 jackals
  12 kobolds
  5 quokkas
  11 giant newts
  20 rats
207 creatures vanquished.

Vanquished Creatures (others)
  A quokka (D:4)
1 creature vanquished.

Grand Total: 208 creatures vanquished

Notes
Turn   | Place    | Note
--------------------------------------------------------------
     0 | D:1      | M4edhros the Formicid Fighter began the quest for the Orb.
     0 | D:1      | Reached XP level 1. HP: 18/18 MP: 1/1
   189 | D:1      | Reached XP level 2. HP: 24/24 MP: 2/2
   524 | D:1      | Reached XP level 3. HP: 25/29 MP: 3/3
   765 | D:2      | Found a sacrificial altar of Ru.
   938 | D:3      | Reached XP level 4. HP: 29/35 MP: 4/4
   978 | D:3      | Found a basalt altar of Yredelemnul.
  1004 | D:3      | Found a sparkling altar of Nemelex Xobeh.
  1010 | D:3      | Found a shadowy altar of Dithmenos.
  1010 | D:3      | Found a blossoming altar of Fedhas.
  1066 | D:3      | Noticed Rationalist's ghost (amateur MiBe)
  1095 | D:3      | Killed Rationalist's ghost
  1095 | D:3      | Reached skill level 5 in Shields
  1095 | D:3      | Reached XP level 5. HP: 9/41 MP: 5/5
  1197 | D:3      | Found a glowing drain.
  1203 | D:3      | Reached XP level 6. HP: 12/47 MP: 6/6
  1211 | Sewer    | Entered a sewer
  2751 | D:4      | Reached skill level 5 in Polearms
  2774 | D:4      | Found a white marble altar of Elyvilon.
  2807 | D:4      | Reached XP level 7. HP: 41/52 MP: 7/7
  3053 | D:4      | Found an iron altar of Okawaru.
  3096 | D:4      | Found a glowing silver altar of Zin.
  3096 | D:4      | Found an opulent altar of Gozag.
  3208 | D:4      | Found a staircase to the Ecumenical Temple.
  3296 | Temple   | Entered the Ecumenical Temple
  3360 | Temple   | Became a worshipper of Qazlal Stormbringer
  3819 | D:2      | Found a shimmering altar of Xom.
  4007 | D:2      | Found a burning altar of Makhleb.
  4035 | D:2      | Reached * piety under Qazlal
  4376 | D:5      | Entered Level 5 of the Dungeon
  4572 | D:5      | Noticed deorigin's ghost (novice OgHu)
  4587 | D:5      | Killed deorigin's ghost
  4587 | D:5      | Reached XP level 8. HP: 30/58 MP: 8/8
  5149 | D:6      | Found a snail-covered altar of Cheibriados.
  5297 | D:6      | Noticed Sigmund
  5310 | D:6      | Killed Sigmund
  5310 | D:6      | Reached XP level 9. HP: 61/64 MP: 9/9
  5777 | D:7      | Reached skill level 1 in Invocations
  5781 | D:7      | Gained mutation: You are frail (-10% HP). [mutagenic meat]
  5782 | D:7      | Gained mutation: You are dopey. (Int -2) [mutagenic meat]
  5783 | D:7      | Gained mutation: You are agile. (Dex +2) [mutagenic meat]
  5961 | D:7      | Reached ** piety under Qazlal
  5985 | D:7      | Reached skill level 1 in Dodging
  6038 | D:7      | Noticed deorigin's ghost (novice DrTm)
  6057 | D:7      | Killed deorigin's ghost
  6302 | D:7      | Reached skill level 5 in Invocations
  6302 | D:7      | Reached XP level 10. HP: 61/64 MP: 13/13
  6486 | D:8      | Gained mutation: You are resistant to electric shocks. [potion of beneficial mutation]
  6486 | D:8      | Slain by a wasp

Skill      XL: |  1  2  3  4  5  6  7  8  9 |
---------------+----------------------------+-----
Shields        | 4 5 6 7 9 |  9.4
Polearms       | 3 4 5 6 7 9 |  9.4
Invocations    | 5 |  5.7
Dodging        | 2 |  2.9
Fighting       | 4 |  4.9
Armour         | |  3.2

Action                   |  1- 3 |  4- 6 |  7- 9 | 10-12 || total
-------------------------+-------+-------+-------+-------++-------
Melee: Trident           |    37 |       |       |       ||    37
       Mace              |    65 |   268 |   248 |       ||   581
       Spear             |       |       |   278 |    82 ||   360
       Scythe            |       |       |    19 |       ||    19
 Abil: Dig               |       |    33 |       |       ||    33
  Use: Potion            |       |     7 |     2 |     5 ||    14
       Scroll            |       |       |     9 |       ||     9
 Stab: Invisible         |       |     2 |       |       ||     2
  Eat: Chunk             |       |     8 |    15 |       ||    23
       Meat ration       |       |     1 |       |       ||     1
       Bread ration      |       |     1 |       |       ||     1
       Pizza             |       |     1 |       |       ||     1
       Beef jerky        |       |     1 |       |       ||     1
Armor: Scale mail        |    34 |       |       |       ||    34
       Ring mail         |    25 |   112 |   137 |     8 ||   282
Dodge: Dodged            |    41 |   118 |   161 |    12 ||   332
Block: Shield            |    69 |   200 |   335 |    37 ||   641
